 Dungeon Crawl Stone Soup version 0.23.1 (webtiles) character file.

Game seed: 15714565162403542128

686 Norn the Slinger (level 7, 0/72 HPs)
             Began as a Halfling Hunter on Mar 16, 2019.
             Was an Initiate of Okawaru.
             Succumbed to a worker ant's poison
             ... on level 4 of the Dungeon.
             The game lasted 00:10:04 (4501 turns).

Norn the Slinger (Halfling Hunter)                  Turns: 4501, Time: 00:10:04

Health: 0/72       AC: 23    Str: 11 (13) XL:     7   Next: 94%
Magic:  7/7        EV:  3    Int:  8 (11) God:    Okawaru [......]
Gold:   192        SH:  0    Dex: 12 (15) Spells: 6/6 levels left

rFire    . . .     SeeInvis .   a - +1 hunting sling
rCold    . . .     Gourm    .   (shield restricted)
rNeg     + + +     Faith    .   (armour currently unavailable)
rPois    +         Spirit   .   (helmet currently unavailable)
rElec    .         Reflect  .   (cloak currently unavailable)
rCorr    .         Harm     .   (gloves currently unavailable)
MR       .....     NoTele   +   (boots currently unavailable)
Stlth    ++........             (no amulet)
HPRegen  0.22/turn              (no ring)
MPRegen  0.10/turn              (no ring)

@: lethally poisoned (0 -> -5), tree-form
A: small, mutation resistance 1
a: Renounce Religion


You were on level 4 of the Dungeon.
You worshipped Okawaru.
Okawaru was noncommittal.
You were very hungry.
You were a tree.
You visited 2 branches of the dungeon, and saw 6 of its levels.

You collected 192 gold pieces.

Inventory:

Hand Weapons
 a - a +1 hunting sling (weapon)
 b - a +0 short sword
Missiles
 d - 7 sling bullets
 f - 19 stones (quivered)
Armour
 c - a +0 leather armour
 h - a +0 ring mail (melded)
   (You took it off an orc on level 3 of the Dungeon)
Jewellery
 l - an uncursed amulet of the acrobat {unknown}
   (You found it on level 2 of the Dungeon)
 q - a +3 ring of strength {unknown}
   (You found it on level 3 of the Dungeon)
 v - a +4 ring of intelligence {unknown}
   (You found it on level 4 of the Dungeon)
Scrolls
 i - 8 scrolls of remove curse {unknown}
 k - a scroll of blinking {unknown}
 r - a scroll of identify {unknown}
 s - 2 scrolls of magic mapping {unknown}
 u - a scroll of random uselessness {unknown}
Potions
 g - a potion of agility {unknown}
 j - 2 potions of flight {unknown}
 m - 2 potions of lignification {!q}
 n - a potion of brilliance {unknown}
 o - a potion of degeneration {!q}
 p - a potion of might {unknown}
 t - a potion of mutation {unknown}
Comestibles
 e - 12 rations {!d}


   Skills:
 + Level 4.0 Fighting
 * Level 10.0 Slings
 + Level 4.9 Dodging
 - Level 1.1 Stealth


You had 6 spell levels left.
You didn't know any spells.
Your spell library contained the following spells:

 Spells                   Type           Power        Failure   Level  Hunger
 Animate Skeleton         Necr           N/A          41%         1    ##.....
 Apportation              Tloc           #.....       41%         1    ##.....
 Confusing Touch          Hex            #.....       41%         1    ##.....
 Pain                     Necr           #...         41%         1    ##.....
 Summon Small Mammal      Summ           #...         41%         1    ##.....
 Regeneration             Chrm/Necr      #.........   78%         3    ####...
 Vampiric Draining        Necr           #.........   78%         3    ####...
 Animate Dead             Necr           N/A          99%         4    #####..


Dungeon Overview and Level Annotations

Branches:
Dungeon (5/15)             Temple (1/1) D:4

Altars:
Cheibriados
Dithmenos
Fedhas
Kikubaaqudgha
Makhleb
Okawaru
Qazlal
Ru
Sif Muna
Trog
Wu Jian
Xom
Yredelemnul
Zin
The Shining One

Annotations:
D:4 2 transporters, rumpelstilzz's ghost, novice CeFi


Innate Abilities, Weirdness & Mutations

You are small and have problems with some larger weapons.
You are somewhat resistant to further mutation.


Message History

You feel sick.
Firing (i - inventory. (/) - cycle)
f - 27 stones (quivered)
Aim: a worker ant You shoot a stone.
The stone barely misses the worker ant.
You feel sick. The worker ant barely misses you.
Firing (i - inventory. (/) - cycle)
f - 26 stones (quivered)
Aim: a worker ant You shoot a stone.
The stone hits the worker ant.
The worker ant bites you but does no damage.
Firing (i - inventory. (/) - cycle)
f - 25 stones (quivered)
Aim: a worker ant (moderately wounded)
You shoot a stone. The stone hits the worker ant.
You feel sick. The worker ant bites you.
* * * LOW HITPOINT WARNING * * *
You are lethally poisoned!
The worker ant poisons you!
Firing (i - inventory. (/) - cycle)
f - 24 stones (quivered)
Aim: a worker ant (heavily wounded)
You shoot a stone. The stone hits the worker ant.
The worker ant closely misses you.
Firing (i - inventory. (/) - cycle)
f - 23 stones (quivered)
Aim: a worker ant (severely wounded)
You shoot a stone. The stone hits the worker ant!
You kill the worker ant!
Okawaru accepts your kill.
Your Slings skill increases to level 10!
* * * LOW HITPOINT WARNING * * *
You feel sick.
Firing (i - inventory. (/) - cycle)
f - 22 stones (quivered)
Aim: an orc, wielding a +0 short sword You shoot a stone.
The stone closely misses the orc.
* * * LOW HITPOINT WARNING * * *
You feel sick.
Firing (i - inventory. (/) - cycle)
f - 21 stones (quivered)
Aim: an orc, wielding a +0 short sword You shoot a stone.
The stone closely misses the orc.
The orc barely misses you.
Firing (i - inventory. (/) - cycle)
f - 20 stones (quivered)
Aim: an orc, wielding a +0 short sword You shoot a stone.
The stone hits the orc!
* * * LOW HITPOINT WARNING * * *
You feel sick. The orc hits you with a +0 short sword.
* * * LOW HITPOINT WARNING * * *
It was a potion of degeneration.
There was something very wrong with that liquid.
You feel weakened.
You feel dopey.
You feel clumsy.
* * * LOW HITPOINT WARNING * * *
You feel sick. The orc hits you but does no damage.
It was a potion of lignification.
You turn into a tree.
Your +0 ring mail melds into your body.
Your roots penetrate the ground.
You die...

##....##.# #.##.#
...#####.# #.##.#
##.# #.# #.##.# ##.#
#.# #.##.# ##.#
#.###.##.# ##.#
#.##(....# ##.#
#.##....##
##.#####.###.#.#####
..)...........>o♣..#
##############.###.#
#.# #.# #.# #.# #.#
#.# #.###.### #
#.#.....# #
##########.#.###.# #
#............# #.#


You could see an orc.

Vanquished Creatures
  Grinder (D:3)
  2 big kobolds (D:4)
  A howler monkey (D:4)
  An orc priest (D:3)
  A jelly (D:5)
  An orc wizard (D:4)
  2 worker ants (D:4)
  A hound zombie (D:5)
  A worker ant zombie (D:5)
  5 adders
  An ooze (D:2)
  2 worms
  A dart slug (D:4)
  3 leopard geckos
  13 orcs
  5 bats
  4 giant cockroaches
  9 goblins
  9 hobgoblins
  3 jackals (D:3)
  10 kobolds
  A quokka (D:2)
  11 frilled lizards
  A jackal skeleton (D:4)
  A leopard gecko skeleton (D:4)
  3 rats
93 creatures vanquished.

Vanquished Creatures (others)
  A phantom (D:4)
  An adder (D:4)
  A hobgoblin (D:4)
3 creatures vanquished.

Grand Total: 96 creatures vanquished

Notes
Turn   | Place    | Note
-------+----------+-------------------------------------------
     0 | D:1      | Norn the Halfling Hunter began the quest for the Orb.
     0 | D:1      | Reached XP level 1. HP: 14/14 MP: 1/1
   129 | D:1      | Reached skill level 6 in Slings
   177 | D:1      | Reached XP level 2. HP: 17/19 MP: 2/2
   499 | D:2      | Reached XP level 3. HP: 23/24 MP: 3/3
   965 | D:2      | Reached XP level 4. HP: 30/30 MP: 4/4
  1002 | D:2      | Reached skill level 7 in Slings
  1696 | D:3      | Reached XP level 5. HP: 26/35 MP: 5/5
  1888 | D:3      | Found a faded altar of an unknown god.
  1971 | D:3      | Noticed Grinder
  1972 | D:3      | Paralysed by Grinder for 3 turns
  1991 | D:3      | Paralysed by Grinder for 2 turns
  2030 | D:3      | Killed Grinder
  2030 | D:3      | Reached skill level 8 in Slings
  2030 | D:3      | Reached XP level 6. HP: 19/42 MP: 6/6
  2488 | D:4      | Found a shimmering altar of Xom.
  2488 | D:4      | Found a shimmering altar of Xom.
  2553 | D:4      | Noticed a phantom
  2578 | D:4      | Found a shimmering altar of Xom.
  2872 | D:4      | Found a shimmering altar of Xom.
  2958 | D:4      | Noticed rumpelstilzz's ghost (novice CeFi)
  3117 | D:4      | Reached XP level 7. HP: 46/46 MP: 7/7
  3164 | D:4      | Found a transporter.
  3181 | D:4      | Reached skill level 9 in Slings
  3318 | D:4      | Found a transporter.
  3897 | D:4      | Found a staircase to the Ecumenical Temple.
  3906 | Temple   | Entered the Ecumenical Temple
  4153 | Temple   | Became a worshipper of Warmaster Okawaru
  4362 | D:5      | Entered Level 5 of the Dungeon
  4496 | D:4      | Reached skill level 10 in Slings
  4499 | D:4      | HP: 1/48 [orc/+0 short sword (5)]
  4501 | D:4      | Succumbed to a worker ant's poison

Skill      XL: |  1  2  3  4  5  6  7 |
---------------+----------------------+-----
Slings         | 6 7 8 10 | 10.0
Fighting       | 2 3 4 |  4.0
Dodging        | 3 4 |  4.9
Stealth        | |  1.1

Action                   |  1- 3 |  4- 6 |  7- 9 || total
-------------------------+-------+-------+-------++-------
Melee: Short sword       |    48 |   156 |    40 ||   244
 Fire: Hunting sling     |    51 |    88 |   113 ||   252
  Use: Potion            |       |       |     2 ||     2
  Eat: Chunk             |       |     6 |     4 ||    10
Armor: Leather armour    |    23 |     3 |       ||    26
       Ring mail         |       |    20 |    18 ||    38
Dodge: Dodged            |    62 |   118 |    62 ||   242
